| TOP OF THE 1ST |
|
Milwaukee Brewers batting - Pitching for Los Angeles Dodgers : LHP Alastair Tippett
|
|
Pitching: LHP Alastair Tippett
|
|
|
Batting: RHB Kisho Ito
|
0-0: Ball 1-0: Foul Ball, location: 2F 1-1: Ball 2-1: Ball 3-1: Swinging Strike 3-2: Base on Balls
|
|
Batting: RHB Akitada Nishizawa
|
0-0: Foul Ball, location: 2F 0-1: Called Strike 0-2: Ball 1-2: Foul Ball, location: 2F 1-2: Foul Ball, location: 2F 1-2: Foul Ball, location: 2F 1-2: SINGLE (Groundball, P, EV 83.1 MPH) (infield hit) Kisho Ito to second
|
|
Batting: SHB Jason Woods
|
0-0: Called Strike 0-1: Called Strike 0-2: Ball 1-2: Ball 2-2: Ball 3-2: Foul Ball, location: 2F 3-2: Base on Balls Kisho Ito to third Akitada Nishizawa to second
|
|
Batting: RHB Cody Flowers
|
0-0: Called Strike 0-1: Called Strike 0-2: Strikes out looking
|
|
Batting: LHB Cooper Broomhall
|
0-0: Called Strike 0-1: Foul Ball, location: 2F 0-2: Strikes out looking
|
|
Batting: RHB Yuichi Matsuoka
|
0-0: Ball 1-0: Fielders Choice at 2nd, 6-4 (Groundball, 6, EV 86.9 MPH)
|
| Top of the 1st over - 0 runs, 1 hit, 0 errors, 3 left on base; Milwaukee 0 - Los Angeles 0 |
| BOTTOM OF THE 1ST |
|
Los Angeles Dodgers batting - Pitching for Milwaukee Brewers : RHP Oleg Bahanov
|
|
Pitching: RHP Oleg Bahanov
|
|
|
Batting: SHB Joel Baker
|
0-0: Ball 1-0: Ground out 6-3 (Groundball, 6, EV 85.0 MPH)
|
|
Batting: LHB Chris Ringwood
|
0-0: Ball 1-0: Called Strike 1-1: Fly out, F7 (Flyball, 7LS, EV 82.5 MPH)
|
|
Batting: LHB Bob Branham
|
0-0: Ball 1-0: Called Strike 1-1: SOLO HOME RUN (Flyball, 8RXD, EV 113.1 MPH), Distance : 442 ft
|
|
Batting: LHB Lirak Bazhunaishvili
|
0-0: Ball 1-0: Ball 2-0: Called Strike 2-1: Fly out, F8 (Flyball, 8LD, EV 88.1 MPH)
|
| Bottom of the 1st over - 1 run, 1 hit, 0 errors, 0 left on base; Milwaukee 0 - Los Angeles 1 |
| TOP OF THE 2ND |
|
Milwaukee Brewers batting - Pitching for Los Angeles Dodgers : LHP Alastair Tippett
|
|
Batting: LHB Jeremy Kuiper
|
0-0: Ball 1-0: Ground out 1-5-3 (Groundball, 15S, EV 100.0 MPH)
|
|
Batting: SHB Jean-François Bernard
|
0-0: DOUBLE (Line Drive, 9LS, EV 96.9 MPH)
|
|
Batting: LHB Antonio Diaz
|
0-0: Ground out 6-3 (Groundball, 6, EV 85.0 MPH) Jean-François Bernard to third
|
|
Batting: RHB Kisho Ito
|
0-0: SINGLE (Groundball, 56S, EV 61.9 MPH) (infield hit) Jean-François Bernard scores
|
|
Batting: RHB Akitada Nishizawa
|
0-0: Called Strike 0-1: Fly out, F9 (Flyball, 89XD, EV 81.9 MPH)
|
| Top of the 2nd over - 1 run, 2 hits, 0 errors, 1 left on base; Milwaukee 1 - Los Angeles 1 |
| BOTTOM OF THE 2ND |
|
Los Angeles Dodgers batting - Pitching for Milwaukee Brewers : RHP Oleg Bahanov
|
|
Batting: RHB Clay Buchanan
|
0-0: Ball 1-0: Ball 2-0: Ball 3-0: Fly out, F9 (Flyball, 9LM, EV 91.9 MPH)
|
|
Batting: RHB Jorge Severiano
|
0-0: Fly out, F7 (Flyball, 7LS, EV 78.1 MPH)
|
|
Batting: LHB Ryan Taylor
|
0-0: Ball 1-0: Fly out, F9 (Flyball, 9, EV 86.9 MPH)
|
| Bottom of the 2nd over - 0 runs, 0 hits, 0 errors, 0 left on base; Milwaukee 1 - Los Angeles 1 |
| TOP OF THE 3RD |
|
Milwaukee Brewers batting - Pitching for Los Angeles Dodgers : LHP Alastair Tippett
|
|
Batting: SHB Jason Woods
|
0-0: Called Strike 0-1: Ball 1-1: Fly out, F3 (Popup, 34S, EV 72.5 MPH)
|
|
Batting: RHB Cody Flowers
|
0-0: Called Strike 0-1: Foul Ball, location: 2F 0-2: Ground out 1-3 (Groundball, P, EV 70.0 MPH)
|
|
Batting: LHB Cooper Broomhall
|
0-0: Foul Ball, location: 2F 0-1: Foul Ball, location: 2F 0-2: Foul Ball, location: 2F 0-2: Ball 1-2: Ball 2-2: Ball 3-2: Foul Ball, location: 2F 3-2: Strikes out swinging
|
| Top of the 3rd over - 0 runs, 0 hits, 0 errors, 0 left on base; Milwaukee 1 - Los Angeles 1 |
| BOTTOM OF THE 3RD |
|
Los Angeles Dodgers batting - Pitching for Milwaukee Brewers : RHP Oleg Bahanov
|
|
Batting: RHB Tsutomu Irie
|
0-0: Ball 1-0: Ball 2-0: Ball 3-0: Called Strike SINGLE, rundown, safe at 1st
|
|
Batting: RHB Ben Mischnick
|
0-0: Ball 1-0: Grounds into double play, 5-4-3 (Groundball, 56, EV 108.8 MPH)
|
|
Batting: SHB Joel Baker
|
0-0: Called Strike 0-1: DOUBLE (Line Drive, 7LS, EV 98.8 MPH)
|
|
Batting: LHB Chris Ringwood
|
0-0: Ball 1-0: Called Strike 1-1: Swinging Strike 1-2: DOUBLE (Line Drive, 9LS, EV 101.3 MPH) Joel Baker scores
|
|
Batting: LHB Bob Branham
|
0-0: Foul Ball, location: 2F 0-1: SINGLE (Groundball, 3S, EV 68.1 MPH) (infield hit) Chris Ringwood to third
|
|
Batting: LHB Lirak Bazhunaishvili
|
0-0: Called Strike 0-1: Fly out, F5 (Line Drive, 5, EV 68.1 MPH)
|
| Bottom of the 3rd over - 1 run, 4 hits, 0 errors, 2 left on base; Milwaukee 1 - Los Angeles 2 |
| TOP OF THE 4TH |
|
Milwaukee Brewers batting - Pitching for Los Angeles Dodgers : LHP Alastair Tippett
|
|
Batting: RHB Yuichi Matsuoka
|
0-0: Fly out, F9 (Flyball, 9S, EV 82.5 MPH)
|
|
Batting: LHB Jeremy Kuiper
|
0-0: Ball 1-0: Swinging Strike 1-1: Fly out, F9 (Flyball, 9D, EV 105.0 MPH)
|
|
Batting: SHB Jean-François Bernard
|
0-0: Foul Ball, location: 2F 0-1: Swinging Strike 0-2: Ball 1-2: Foul Ball, location: 2F 1-2: Ball 2-2: Strikes out looking
|
| Top of the 4th over - 0 runs, 0 hits, 0 errors, 0 left on base; Milwaukee 1 - Los Angeles 2 |
| BOTTOM OF THE 4TH |
|
Los Angeles Dodgers batting - Pitching for Milwaukee Brewers : RHP Oleg Bahanov
|
|
Batting: RHB Clay Buchanan
|
0-0: Called Strike 0-1: DOUBLE (Flyball, 78XD, EV 103.8 MPH)
|
|
Batting: RHB Jorge Severiano
|
0-0: Called Strike 0-1: Ball 1-1: Foul Ball, location: 2F 1-2: Strikes out swinging
|
|
Batting: LHB Ryan Taylor
|
0-0: Foul Ball, location: 2F 0-1: Ball 1-1: Foul Ball, location: 2F 1-2: Strikes out looking
|
|
Batting: RHB Tsutomu Irie
|
0-0: Ball 1-0: Ball 2-0: Ball 3-0: Base on Balls
|
|
Batting: RHB Ben Mischnick
|
0-0: Foul Ball, location: 2F 0-1: Ball 1-1: Ball 2-1: Ball 3-1: Foul Ball, location: 2F 3-2: Strikes out swinging
|
| Bottom of the 4th over - 0 runs, 1 hit, 0 errors, 2 left on base; Milwaukee 1 - Los Angeles 2 |
| TOP OF THE 5TH |
|
Milwaukee Brewers batting - Pitching for Los Angeles Dodgers : LHP Alastair Tippett
|
|
Pitching: RHP Jim Ruleman
|
|
|
Batting: LHB Antonio Diaz
|
0-0: Called Strike 0-1: Ball 1-1: DOUBLE (Line Drive, 78XD, EV 113.8 MPH)
|
|
Batting: RHB Kisho Ito
|
0-0: Fly out, F9 (Flyball, 89S, EV 88.1 MPH)
|
|
Batting: RHB Akitada Nishizawa
|
0-0: Ball 1-0: Called Strike 1-1: Ground out 6-3 (Groundball, 6, EV 83.8 MPH) Antonio Diaz to third
|
|
Batting: SHB Jason Woods
|
0-0: Ball 1-0: Ball 2-0: Foul Ball, location: 2F 2-1: Ground out 4-3 (Groundball, 34, EV 79.4 MPH)
|
| Top of the 5th over - 0 runs, 1 hit, 0 errors, 1 left on base; Milwaukee 1 - Los Angeles 2 |
| BOTTOM OF THE 5TH |
|
Los Angeles Dodgers batting - Pitching for Milwaukee Brewers : RHP Oleg Bahanov
|
|
Pitching: RHP Ernie Schmutz
|
|
|
Batting: SHB Joel Baker
|
0-0: Foul Ball, location: 2F 0-1: Ball 1-1: Ball 2-1: Ball 3-1: Base on Balls
|
|
Batting: LHB Chris Ringwood
|
0-0: Ball 1-0: Foul Ball, location: 2F 1-1: Foul Ball, location: 2F 1-2: Ball 2-2: Foul Ball, location: 2F 2-2: SINGLE (Line Drive, 89S, EV 103.1 MPH) Joel Baker to second Joel Baker to third
|
|
Batting: LHB Bob Branham
|
0-0: Called Strike Chris Ringwood steals 2nd base 0-1: SINGLE (Groundball, 3D, EV 104.4 MPH) Joel Baker scores Chris Ringwood to third Runner from 3rd tries for Home, throw by RF and OUT! 9-2
|
|
Batting: LHB Lirak Bazhunaishvili
|
0-0: Ball 1-0: Ball 2-0: Ball 3-0: Called Strike 3-1: Foul Ball, location: 2F 3-2: Fly out, F8 (Line Drive, 8RD, EV 88.1 MPH)
|
|
Batting: RHB Clay Buchanan
|
0-0: Ball 1-0: Called Strike 1-1: Foul Ball, location: 2F 1-2: Ball 2-2: Strikes out swinging
|
| Bottom of the 5th over - 1 run, 2 hits, 0 errors, 1 left on base; Milwaukee 1 - Los Angeles 3 |
| TOP OF THE 6TH |
|
Milwaukee Brewers batting - Pitching for Los Angeles Dodgers : RHP Jim Ruleman
|
|
Batting: RHB Cody Flowers
|
0-0: Ball 1-0: Ball 2-0: Called Strike 2-1: Ball 3-1: Foul Ball, location: 2F 3-2: Base on Balls
|
|
Batting: LHB Cooper Broomhall
|
0-0: Ball Cody Flowers steals 2nd base 1-0: Ball 2-0: Foul Ball, location: 2F 2-1: DOUBLE (Flyball, 7LD, EV 103.1 MPH) Cody Flowers scores
|
|
Batting: RHB Yuichi Matsuoka
|
0-0: Swinging Strike 0-1: Foul Ball, location: 2F 0-2: Ball 1-2: Strikes out swinging
|
|
Batting: LHB Jeremy Kuiper
|
0-0: Called Strike 0-1: Swinging Strike 0-2: Ball 1-2: Foul Ball, location: 2F 1-2: SINGLE (Flyball, 4D, EV 92.5 MPH) Cooper Broomhall to third
|
|
Batting: SHB Jean-François Bernard
|
0-0: Foul Ball, location: 2F 0-1: Ball 1-1: Ball 2-1: Swinging Strike 2-2: Strikes out looking
|
|
Batting: LHB Antonio Diaz
|
0-0: Ball 1-0: Fly out, F4 (Flyball, 34D, EV 89.4 MPH)
|
| Top of the 6th over - 1 run, 2 hits, 0 errors, 2 left on base; Milwaukee 2 - Los Angeles 3 |
| BOTTOM OF THE 6TH |
|
Los Angeles Dodgers batting - Pitching for Milwaukee Brewers : RHP Ernie Schmutz
|
|
Batting: RHB Jorge Severiano
|
0-0: Called Strike 0-1: Ball 1-1: Ball 2-1: Ball 3-1: Base on Balls
|
|
Batting: LHB Ryan Taylor
|
0-0: Ball Jorge Severiano steals 2nd base 1-0: Called Strike 1-1: SINGLE (Groundball, 25, EV 67.5 MPH) (infield hit) Jorge Severiano to third
|
|
Batting: RHB Tsutomu Irie
|
0-0: Ball 1-0: Fly out, F7 (Flyball, 78D, EV 108.8 MPH) Runner from 3rd tags up, SCORES, no throw by LF
|
|
Batting: RHB Ben Mischnick
|
0-0: Foul Ball, location: 2F 0-1: Ball 1-1: Ball 2-1: Fly out, F9 (Line Drive, 9, EV 84.4 MPH)
|
|
Pitching: LHP Waldemar van der Sluijs
|
|
|
Batting: SHB Joel Baker
|
0-0: Ball 1-0: Ball 2-0: Foul Ball, location: 2F 2-1: Foul Ball, location: 2F 2-2: Ball 3-2: Base on Balls Ryan Taylor to second
|
|
Pinch Hitting: SHB Carlos Rodriguez
|
0-0: Ball 1-0: Ground out 4-3 (Groundball, 4, EV 103.1 MPH)
|
| Bottom of the 6th over - 1 run, 1 hit, 0 errors, 2 left on base; Milwaukee 2 - Los Angeles 4 |
| TOP OF THE 7TH |
|
Milwaukee Brewers batting - Pitching for Los Angeles Dodgers : RHP Jim Ruleman
|
|
Pitching: RHP Ludo Argo
|
|
|
Now in LF: Carlos Rodriguez
|
|
|
Pinch Hitting: RHB Noah Stanley
|
0-0: Foul Ball, location: 2F 0-1: Foul Ball, location: 2F 0-2: Fly out, F8 (Flyball, 8LS, EV 89.4 MPH)
|
|
Pinch Hitting: RHB Daniel Donovan
|
0-0: Ball 1-0: Ball 2-0: Ball 3-0: Base on Balls
|
|
Pinch Hitting: SHB Pat Wilson
|
0-0: Swinging Strike 0-1: Ball 1-1: Swinging Strike 1-2: Foul Ball, location: 2F 1-2: SINGLE (Line Drive, 6MD, EV 101.9 MPH) Daniel Donovan to second
|
|
Pinch Hitting: RHB Adrian Rudkilde
|
0-0: Called Strike 0-1: Fly out, F7 (Line Drive, 7D, EV 93.1 MPH)
|
|
Pinch Hitting: LHB Tetsuya Oba
|
0-0: Ground out 4-3 (Groundball, 4, EV 82.5 MPH)
|
| Top of the 7th over - 0 runs, 1 hit, 0 errors, 2 left on base; Milwaukee 2 - Los Angeles 4 |
| TOP OF THE 8TH |
|
Milwaukee Brewers batting - Pitching for Los Angeles Dodgers : RHP Ludo Argo
|
|
Pitching: RHP Taylor Drews
|
|
|
Now at 1B: Edwin Soto
|
|
|
Now at SS: Dalton Silveira
|
|
|
Now in CF: Ryan Taylor
|
|
|
Now in RF: Isaiah Yarbrough
|
|
|
Batting: RHB Yuichi Matsuoka
|
0-0: Foul Ball, location: 2F 0-1: Ball 1-1: Fly out, F4 (Line Drive, 4, EV 63.1 MPH)
|
|
Pinch Hitting: RHB Tim Lively
|
0-0: Swinging Strike 0-1: Swinging Strike 0-2: Ball 1-2: Strikes out swinging
|
|
Batting: SHB Jean-François Bernard
|
0-0: Ball 1-0: Fly out, F9 (Flyball, 9D, EV 87.5 MPH)
|
| Top of the 8th over - 0 runs, 0 hits, 0 errors, 0 left on base; Milwaukee 2 - Los Angeles 4 |
| BOTTOM OF THE 8TH |
|
Los Angeles Dodgers batting - Pitching for Milwaukee Brewers : LHP Waldemar van der Sluijs
|
|
Now in RF: Tim Lively
|
|
|
Batting: RHB John Manocchio
|
0-0: Called Strike 0-1: Swinging Strike 0-2: Strikes out swinging
|
|
Pinch Hitting: RHB Justin Anastasio
|
0-0: SINGLE (Line Drive, 89S, EV 93.1 MPH)
|
|
Batting: RHB Tsutomu Irie
|
0-0: Ball Justin Anastasio steals 2nd base 1-0: Fly out, F9 (Line Drive, 9, EV 93.8 MPH)
|
|
Pinch Hitting: RHB Steve Perez
|
0-0: Foul Ball, location: 2F 0-1: Foul Ball, location: 2F 0-2: Ball 1-2: Foul Ball, location: 2F 1-2: Ball 2-2: Ground out 5-3 (Groundball, 56S, EV 89.4 MPH)
|
| Bottom of the 8th over - 0 runs, 1 hit, 0 errors, 1 left on base; Milwaukee 2 - Los Angeles 4 |
| TOP OF THE 9TH |
|
Milwaukee Brewers batting - Pitching for Los Angeles Dodgers : RHP Taylor Drews
|
|
Pitching: RHP Chut-sai Teoh
|
|
|
Now at 3B: Steve Perez
|
|
|
Now in LF: Justin Anastasio
|
|
|
Now in CF: Carlos Rodriguez
|
|
|
Batting: LHB Katsunan Akimoto
|
0-0: Ball 1-0: SINGLE (Groundball, 56D, EV 101.9 MPH)
|
|
Batting: RHB Noah Stanley
|
0-0: Called Strike 0-1: Ball 1-1: Grounds into double play, 5-4-3 (Groundball, 56S, EV 81.9 MPH)
|
|
Batting: RHB Daniel Donovan
|
0-0: Swinging Strike 0-1: Called Strike 0-2: Foul Ball, location: 2F 0-2: Strikes out swinging
|
| Top of the 9th over - 0 runs, 1 hit, 0 errors, 0 left on base; Milwaukee 2 - Los Angeles 4 |
|